 Dungeon Crawl Stone Soup version 0.29-a0-330-g52719c12eb (webtiles) character file.

Game seed: 10344149805586840740

99738 kae the Destroyer (level 15, -1/130 HPs)
             Began as a Demigod Fire Elementalist on Apr 25, 2022.
             Slain by a salamander
             ... wielding a +0 trident
              (14 damage)
             ... on level 1 of the Snake Pit.
             The game lasted 00:52:58 (34023 turns).

kae the Destroyer (Demigod Fire Elementalist)      Turns: 34023, Time: 00:52:58

Health: -1/130     AC: 24    Str:  9    XL:     15   Next: 33%
Magic:  5/31       EV: 15    Int: 42    God:
Gold:   2238       SH:  9    Dex: 11    Spells: 0/30 levels left

rFire   . . .      SeeInvis .   a - staff of conjuration
rCold   + . .      Faith    .   q - +1 buckler {rC+}
rNeg    . . .      Spirit   .   o - +4 troll leather armour
rPois   +          Reflect  +   e - +2 hat
rElec   .          Harm     .   T - +1 cloak "Ureff" {Regen+ Int+2}
rCorr   .          Rampage  .   (no gloves)
Will    +....                   j - +2 pair of boots
Stlth   ++........              y - amulet of reflection
HPRegen 1.91/turn               S - ring of Eliemoen {rPois AC+4 Int+3 Dex-3 Stlth+}
MPRegen 0.22/turn               i - +4 ring of protection

@: no status effects
A: high MP 1, forlorn, divine attributes
a: no special abilities


You were on level 1 of the Snake Pit.
You visited 3 branches of the dungeon, and saw 22 of its levels.
You also visited: Sewer, Gauntlet and Ice Cave.

You collected 2238 gold pieces.

Inventory:

Hand Weapons
 h - a +2 whip of electrocution
 w - a +4 short sword of flaming
Armour
 e - a +2 hat (worn)
 j - a +2 pair of boots (worn)
 o - a +4 troll leather armour (worn)
 q - a +1 buckler of cold resistance (worn)
 C - +0 acid dragon scales
 L - +0 fire dragon scales
 T - the +1 cloak "Ureff" (worn) {Regen+ Int+2}
   (You found it in a Gauntlet)

   Int:       It affects your intelligence (+2).
   Regen:     It increases your rate of health regeneration.
 Y - the +1 cloak of Xakyamuh {Will+}
   (You found it in an ice cave)

   Will:      It increases your willpower.
Magical Staves
 a - a staff of conjuration (weapon)
Jewellery
 f - an amulet of the acrobat
 i - a +4 ring of protection (right hand)
 y - an amulet of reflection (around neck)
 G - a ring of resist corrosion
 M - an amulet of guardian spirit
 S - the ring of Eliemoen (left hand) {rPois AC+4 Int+3 Dex-3 Stlth+}
   (You found it in a Gauntlet)

   [ring of protection]

   AC:        It affects your AC (+4).
   Int:       It affects your intelligence (+3).
   Dex:       It affects your dexterity (-3).
   rPois:     It protects you from poison.
   Stlth:     It makes you more stealthy.
 V - a ring of protection from fire
 X - a ring of see invisible
Wands
 n - a wand of flame (40)
 p - a wand of iceblast (7)
 J - a wand of digging (22)
 N - a wand of paralysis (10)
 Q - a wand of acid (8)
 U - a wand of charming (5)
Scrolls
 d - a scroll of amnesia
 k - 3 scrolls of silence
 t - 6 scrolls of teleportation
 B - 4 scrolls of enchant weapon
 E - 3 scrolls of vulnerability
 F - 4 scrolls of immolation
 H - 4 scrolls of fog
 I - a scroll of fear
 K - 2 scrolls of blinking
 O - 3 scrolls of summoning
 W - a scroll of holy word
 Z - a scroll of magic mapping
Potions
 b - 3 potions of magic
 c - 5 potions of heal wounds
 g - 2 potions of flight
 l - 12 potions of curing
 m - 5 potions of haste
 r - 2 potions of brilliance
 s - 7 potions of mutation
 u - 3 potions of might
 v - 8 potions of ambrosia
 x - 2 potions of invisibility
 z - 4 potions of attraction
 A - 2 potions of cancellation
 D - 4 potions of berserk rage
 R - 4 potions of resistance
Miscellaneous
 P - a lightning rod (4/4)


   Skills:
 + Level 11.6 Fighting
 - Level 4.0 Armour
 - Level 11.2 Dodging
 - Level 1.7 Stealth
 - Level 8.0 Spellcasting
 - Level 13.3 Conjurations
 - Level 13.3 Fire Magic
 - Level 5.0 Evocations


You couldn't memorise any spells.
You knew the following spells:

 Your Spells              Type           Power      Damage    Failure   Level
a - Foxfire               Conj/Fire      100%       2x1d9     0%          1
b - Scorch                Fire           100%       2d10      1%          2
c - Conjure Flame         Conj/Fire      100%       6-21      1%          3
d - Inner Flame           Hex/Fire       64%        N/A       1%          3
e - Flame Wave            Conj/Fire      100%       2d17      1%          4
f - Fireball              Conj/Fire      57%        3d22      1%          5
g - Orb of Destruction    Conj           57%        9d14      12%         7
h - Iskenderun's Battles  Conj           100%       2d15      1%          5

Your spell library contained the following spells:

 Spells                   Type           Power      Damage    Failure   Level
 Magic Dart               Conj           100%       1d8       0%          1
 Searing Ray              Conj           100%       2d8       1%          2
 Ignite Poison            Fire/Tmut/Pois 53%        N/A       1%          3
 Stone Arrow              Conj/Erth      100%       3d13      1%          3
 Sticky Flame             Conj/Fire      100%       2d11      1%          4
 Fulminant Prism          Conj/Hex       41%        3d20      2%          4
 Corpse Rot               Necr/Air       32%        N/A       5%          2
 Ensorcelled Hibernation  Hex/Ice        32%        N/A       5%          2
 Poisonous Vapours        Pois/Air       32%        N/A       5%          2
 Ozocubu's Armour         Ice            16%        N/A       11%         3
 Spider Form              Tmut/Pois      16%        N/A       11%         3
 Anguish                  Hex/Necr       8%         N/A       34%         4
 Animate Armour           Summ/Erth      32%        N/A       34%         4
 Animate Dead             Necr           8%         N/A       34%         4
 Leda's Liquefaction      Hex/Erth       8%         N/A       34%         4
 Conjure Ball Lightning   Conj/Air       41%        3x3d13    34%         6
 Iron Shot                Conj/Erth      41%        9d8       34%         6
 Blade Hands              Tmut           8%         N/A       67%         5
 Borgnjor's Vile Clutch   Necr/Erth      8%         N/A       67%         5
 Lee's Rapid Deconstruct  Erth           8%         3d8*      67%         5
 Summon Forest            Summ/Tloc      8%         N/A       67%         5
 Summon Mana Viper        Hex/Summ       16%        N/A       67%         5
 Death Channel            Necr           8%         N/A       99%         6
 Statue Form              Tmut/Erth      10%        N/A       99%         6
 Summon Cactus Giant      Summ           8%         N/A       99%         6
 Haunt                    Necr/Summ      8%         N/A       100%        7
 Ozocubu's Refrigeration  Ice            8%         4d6       100%        7
 Infestation              Necr           8%         N/A       100%        8
 Lehudib's Crystal Spear  Conj/Erth      41%        10d10     100%        8


Dungeon Overview and Level Annotations

Branches:
Dungeon (15/15)            Temple (0/1) D:5            Lair (6/6) D:10
  Swamp (0/4) Lair:2        Snake (1/4) Lair:3        Slime (0/5) Lair:6
    Orc (0/2) D:11         Vaults (0/5) D:14          Sewer (visited)
  IceCv (visited)         Gauntlet (visited)
 Depths: D:15

Shops:
D:4 [   D:9 (   Snake:1 (*:

Annotations:
D:3 2 runed translucent doors, funaii's ghost, amateur MfSu
D:6 Menkaure
D:9 1 exclusion
D:15 exclusion: fire dragon
Lair:6 1 exclusion
Snake:1 3 runed translucent doors


Innate Abilities, Weirdness & Mutations

You have an increased reservoir of magic. (+10% MP)
You shall have no god before yourself.
Your divine heritage dramatically boosts your attributes as you level up.


Message History

The foxfire hits the salamander.
The salamander completely resists.
The salamander is severely wounded.
The foxfire hits the salamander.
The salamander completely resists.
The salamander is severely wounded.
The salamander completely misses you.
Casting: Foxfire (safe; 0% risk of failure)
Confirm with . or Enter, or press ? or * to list all spells.
You feel a surge of power!
You conjure some foxfire!
Your battlesphere fires!
The barrage of energy hits the salamander!
The salamander is almost dead.
The salamander hits you from afar with a +0 trident!
You are engulfed in flames!
The foxfire hits the salamander.
The salamander completely resists.
The salamander is almost dead.
The foxfire hits the salamander but does no damage.
The salamander is almost dead.
The salamander hits you from afar with a +0 trident!
You are engulfed in flames!
* * * LOW HITPOINT WARNING * * *
Casting: Foxfire (safe; 0% risk of failure)
Confirm with . or Enter, or press ? or * to list all spells.
You feel a surge of power!
You conjure some foxfire!
The salamander hits you but does no damage.
The foxfire hits the salamander but does no damage.
The salamander is almost dead.
The foxfire hits the salamander but does no damage.
The salamander is almost dead.
The salamander hits you from afar with a +0 trident.
* * * LOW HITPOINT WARNING * * *
You are engulfed in flames!
* * * LOW HITPOINT WARNING * * *
Casting: Foxfire (safe; 0% risk of failure)
Confirm with . or Enter, or press ? or * to list all spells.
You feel a surge of power!
You conjure some foxfire!
An anaconda comes into view.
The salamander hits you from afar with a +0 trident.
* * * LOW HITPOINT WARNING * * *
You are engulfed in flames!
You die...

.....### #....#.#
...### ##[...#.##
.....# #....##..#
##...# #.######.#
##...## #.# #.####
......#####.######....#
.......).[..#...##....#
.......#..S.#)<.v*....#
.###..##...)..N.@..####
.......#........v..#
.##....#.......#...#
.##....#...#...#...#
.##...##...#####...#
.########### #...# .#
###.## ##* #..# ..*
##.#


You could see a salamander (ally target), an anaconda and a friendly
battlesphere (wandering).

Vanquished Creatures
  Nikola (Snake:1)
  Rupert (D:15)
  A minotaur (Gauntlet)
  Azrael (D:14)
  A fire dragon (D:15)
  4 hydras
  An ice dragon (D:15)
  2 boulder beetles
  6 centaur warriors
  8 two-headed ogres
  4 catoblepae
  3 anacondas (Snake:1)
  2 naga warriors (Snake:1)
  7 death yaks
  5 tengu warriors
  A shock serpent (Snake:1)
  9 skeletal warriors
  A sea snake (shapeshifter) (D:14)
  6 bog bodies
  A naga ritualist (Snake:1)
  Pikel (D:6)
  A lindwurm (Lair:4)
  2 orc knights
  3 deep elf pyromancers
  4 mana vipers (Snake:1)
  2 manticores
  6 cyclopes
  8 ugly things
  5 elephants (Lair:6)
  Joseph (D:7)
  5 black mambas
  A molten gargoyle (Gauntlet)
  A guardian serpent (Lair:3)
  12 cane toads
  3 torpor snails
  A naga mage (Snake:1)
  A cane toad (shapeshifter) (D:14)
  An ice statue (IceCv)
  2 gargoyles (Gauntlet)
  7 komodo dragons
  4 centaur skeletons (D:14)
  An unseen horror (D:13)
  3 entropy weaver simulacra (IceCv)
  A tengu conjurer (D:15)
  A rime drake (Lair:6)
  A freezing wraith (D:13)
  4 trolls
  4 meliai
  A queen bee (D:12)
  A polar bear (Lair:1)
  A raiju (Gauntlet)
  5 slime creatures
  A hornet (D:10)
  16 blink frogs
  41 yaks
  2 wraiths
  A spriggan (D:10)
  4 wyverns
  A dire elephant simulacrum (IceCv)
  2 vampires
  A spriggan (shapeshifter) (D:14)
  Sigmund (D:2)
  3 shadows
  3 fire elementals (D:15)
  A water elemental (D:13)
  A human (D:10)
  6 basilisks
  3 death yak simulacra (IceCv)
  2 steam dragons
  5 vampire mosquitoes
  9 nagas
  4 acid dragons
  7 water moccasins
  2 hell hounds
  2 ice beasts
  2 orc warriors
  Pargi (Sewer)
  A sky beast (D:6)
  2 black bears
  3 ogres
  A boggart (D:14)
  15 wolves
  21 centaurs
  4 lemures
  9 kobold brigands
  11 bullfrogs
  A gnoll sergeant (D:11)
  10 two-headed ogre simulacra
  A scorpion (D:6)
  3 cane toad simulacra (IceCv)
  17 wights
  30 killer bees
  4 elephant simulacra (IceCv)
  2 electric eels
  4 howler monkeys
  2 hounds (D:5)
  3 jellies
  4 orc priests
  A gnoll shaman (D:8)
  2 iguanas (D:4)
  Jessica (D:3)
  Ijyb (D:4)
  10 orc wizards
  Natasha (thrice) (D:2 D:1)
  A lightning spire (Gauntlet)
  3 spriggan simulacra (IceCv)
  5 polar bear simulacra
  6 troll simulacra
  5 wolf simulacra
  A centaur simulacrum (D:9)
  9 gnolls
  7 naga simulacra (IceCv)
  13 adders
  A shadow imp (D:8)
  3 white imps (IceCv)
  9 ufetubi
  3 worms
  4 dart slugs
  29 orcs
  11 ball pythons
  4 bats
  7 endoplasms
  7 giant cockroaches
  9 goblins
  3 hobgoblins (D:1)
  8 jackals
  3 quokkas
  12 frilled lizards
  35 kobolds
  10 rats
654 creatures vanquished.

Vanquished Creatures (collateral kills)
  An adder (D:4)
  13 foxfires
14 creatures vanquished.

Vanquished Creatures (others)
  2 nagas (Snake:1)
  An orc wizard (D:14)
  3 kobolds
  1639 foxfires
  15 fungi
  51 plants
1711 creatures vanquished.

Grand Total: 2379 creatures vanquished

Notes
Turn   | Place    | Note
-------+----------+-------------------------------------------
     0 | D:1      | kae the Demigod Fire Elementalist began the quest for the
                  | Orb.
     0 | D:1      | Reached XP level 1. HP: 14/14 MP: 5/5
    50 | D:1      | Reached skill level 1 in Conjurations
   702 | D:1      | Reached XP level 2. HP: 20/20 MP: 4/7
  1582 | D:2      | Reached XP level 3. HP: 26/26 MP: 7/9
  1589 | D:2      | Learned a level 2 spell: Scorch
  1593 | D:2      | Learned a level 3 spell: Conjure Flame
  1731 | D:2      | Noticed Natasha
  1743 | D:2      | Killed Natasha
  1920 | D:2      | Noticed Natasha
  1926 | D:2      | Killed Natasha
  1927 | D:2      | Reached XP level 4. HP: 30/33 MP: 6/10
  2116 | D:2      | Noticed Sigmund
  2157 | D:2      | Noticed Natasha
  2397 | D:1      | Killed Natasha
  3121 | D:2      | Killed Sigmund
  3122 | D:2      | Reached XP level 5. HP: 35/38 MP: 8/12
  3523 | D:3      | Found a large runed translucent door.
  3523 | D:3      | Found a large runed translucent door.
  3525 | D:3      | Noticed funaii's ghost (amateur MfSu)
  3605 | D:3      | Noticed Jessica
  3609 | D:3      | Killed Jessica
  3673 | D:3      | Reached XP level 6. HP: 45/45 MP: 12/14
  4825 | D:4      | Found Xeiweywn's Antique Armour Shop.
  5068 | D:4      | Noticed Ijyb
  5076 | D:4      | Killed Ijyb
  5169 | D:4      | Identified the +3 robe of Fiopru Gacoh {rC- Str-4 Int+3
                  | Dex+8}
  5327 | D:5      | Entered Level 5 of the Dungeon
  5353 | D:5      | Found a staircase to the Ecumenical Temple.
  5538 | D:5      | Found a glowing drain.
  5555 | D:5      | Reached skill level 5 in Fire Magic
  5555 | D:5      | Reached XP level 7. HP: 50/50 MP: 7/16
  5609 | Sewer    | Entered a sewer
  5695 | Sewer    | Noticed Pargi
  5701 | Sewer    | Killed Pargi
  6265 | D:5      | Learned a level 3 spell: Inner Flame
  6270 | D:5      | Learned a level 4 spell: Flame Wave
  7028 | D:6      | Reached skill level 5 in Conjurations
  7067 | D:6      | Noticed Menkaure
  7067 | D:6      | Noticed Pikel
  7210 | D:6      | Noticed a two-headed ogre
  7233 | D:6      | Killed a two-headed ogre
  7234 | D:6      | Reached skill level 5 in Spellcasting
  7234 | D:6      | Reached XP level 8. HP: 57/57 MP: 0/20
  7239 | D:6      | Noticed a two-headed ogre
  7353 | D:5      | Killed a two-headed ogre
  7354 | D:5      | Reached XP level 9. HP: 62/62 MP: 7/22
  8071 | D:6      | Killed Pikel
  8489 | D:7      | Noticed Joseph
  8501 | D:7      | Killed Joseph
  8905 | D:7      | Reached XP level 10. HP: 69/69 MP: 18/23
  9653 | D:8      | Reached skill level 10 in Fire Magic
  9788 | D:8      | Reached skill level 1 in Fighting
  9906 | D:8      | Identified the +1 battleaxe of the Growing Puffin {vamp,
                  | rPois}
 10434 | D:8      | Reached XP level 11. HP: 89/89 MP: 24/24
 11316 | D:9      | Noticed a two-headed ogre
 11703 | D:9      | Noticed a two-headed ogre
 11714 | D:9      | Killed a two-headed ogre
 11996 | D:9      | Found Jithrayni's Antique Weapon Shoppe.
 12312 | D:9      | Killed a two-headed ogre
 12418 | D:10     | Entered Level 10 of the Dungeon
 12418 | D:10     | Found a staircase to the Lair.
 12458 | D:10     | Reached XP level 12. HP: 99/101 MP: 0/25
 13714 | D:11     | Noticed a two-headed ogre
 13721 | D:11     | Noticed a two-headed ogre
 13860 | D:11     | Found a staircase to the Orcish Mines.
 13904 | D:11     | Killed a two-headed ogre
 14112 | D:11     | Reached skill level 10 in Dodging
 14269 | D:11     | Paralysed by a vampire for 4 turns
 14574 | D:11     | Reached skill level 10 in Fighting
 14715 | Lair:1   | Entered Level 1 of the Lair of Beasts
 16438 | Lair:2   | Reached XP level 13. HP: 110/115 MP: 12/26
 17012 | Lair:2   | Found a staircase to the Swamp.
 17721 | Lair:3   | Reached skill level 1 in Armour
 17721 | Lair:3   | Reached skill level 1 in Evocations
 17988 | Lair:3   | Found a staircase to the Snake Pit.
 18605 | Lair:3   | Learned a level 5 spell: Fireball
 19843 | Lair:5   | Found a gate leading to a gauntlet.
 19859 | Gauntlet | Entered a Gauntlet
 19859 | Gauntlet | Found a transporter.
 19859 | Gauntlet | Found a transporter.
 19874 | Gauntlet | Found a transporter.
 19886 | Gauntlet | Found a transporter.
 19900 | Gauntlet | Found a transporter.
 19910 | Gauntlet | Found a transporter.
 19925 | Gauntlet | Found a transporter.
 19934 | Gauntlet | Found a transporter.
 19945 | Gauntlet | Found a transporter.
 19962 | Gauntlet | Found a transporter.
 19966 | Gauntlet | Found a transporter.
 20005 | Gauntlet | Found a transporter.
 20563 | Gauntlet | Identified the ring of Eliemoen {rPois AC+4 Int+3 Dex-3
                  | Stlth+}
 20727 | Gauntlet | Identified the +1 cloak "Ureff" {Regen+ Int+2}
 20761 | Gauntlet | Noticed a minotaur
 21196 | Gauntlet | Killed a minotaur
 22265 | Lair:6   | Entered Level 6 of the Lair of Beasts
 22546 | Lair:6   | Reached skill level 10 in Conjurations
 22837 | Lair:6   | Reached skill level 5 in Evocations
 23187 | Lair:6   | Reached XP level 14. HP: 124/124 MP: 7/28
 23329 | Lair:6   | Found a staircase to the Slime Pits.
 23954 | D:12     | Found a frozen archway.
 24037 | IceCv    | Entered an ice cave
 25177 | IceCv    | Identified the +1 cloak of Xakyamuh {Will+}
 29686 | D:14     | Identified the +1 spear of Pikleoxe {spect, rCorr Int-2
                  | Dex+3}
 29984 | D:14     | Found a gate to the Vaults.
 30287 | D:15     | Entered Level 15 of the Dungeon
 30287 | D:15     | Noticed Azrael
 31483 | D:15     | Reached XP level 15. HP: 115/129 MP: 18/30
 31777 | D:14     | Killed Azrael
 31966 | D:14     | Learned a level 7 spell: Orb of Destruction
 32155 | D:15     | Noticed Rupert
 32159 | D:15     | Killed Rupert
 32912 | Snake:1  | Entered Level 1 of the Snake Pit
 32999 | Snake:1  | Found Gedao's Book Emporium.
 32999 | Snake:1  | Found Saucyara's General Store.
 33003 | Snake:1  | Found Jienem's Antique Weapon Emporium.
 33029 | Snake:1  | Noticed Nikola
 33045 | Snake:1  | Killed Nikola
 33107 | Snake:1  | Found a runed translucent gate.
 33107 | Snake:1  | Found a runed translucent gate.
 33107 | Snake:1  | Found a runed translucent gate.
 33616 | Snake:1  | Learned a level 5 spell: Iskenderun's Battlesphere
 34023 | Snake:1  | Slain by a salamander

Illustrated notes

Levels and vault maps discovered:
D:1:      dpeg_arrival_prison, layout_basic,
          dreamdust_ecumenical_altar_angels_and_demons
D:2:      layout_loops_ring, uniq_natasha, uniq_sigmund
D:3:      layout_loops_ring, zin_treasury, ebering_ghost_disaster_area,
          uniq_jessica
D:4:      layout_cave_pools, serial_shops, shop, minmay_snake_closets, uniq_ijyb
D:5:      layout_loops_ring, minmay_temple_entry_water_ring,
          gup_sewer_entry_glass, hangedman_decor_lopped,
          nicolae_figureground_pulse
D:6:      layout_basic, trog_three_pillars_becter, uniq_menkaure, uniq_pikel
D:7:      layout_cave_pods, uniq_joseph
D:8:      layout_basic, minivault_22, minmay_liquid_box
D:9:      layout_roguey, serial_shops, nicolae_shop_window_shopping,
          minmay_mirror_moons_of_madness
D:10:     layout_rooms, lair_entry_dummy, hangedman_stone_soup
D:11:     nicolae_hexawheel, layout_cave_pools
D:12:     layout_basic, special_room [special_room_bee],
          portal_ice_cave_entry_ice_simulacra
D:13:     layout_long_grid, fountainhead, eino_tiny_chamber,
          nicolae_uskayaw_suspiria
D:14:     layout_roguey, hangedman_vaults_entry_quadrant_bands
D:15:     grunt_enter_depths_hoard, layout_irregular_city,
          ashenzari_conservatory_becter, nicolae_qazlal_scattered_showers,
          uniq_rupert, uniq_azrael
Lair:1:   layout_gridlike, beast_lair_carwin_7, grunt_megastairs_2,
          lemuel_fruit_tree
Lair:2:   layout_concentric_octagons, nicolae_swamp_entry_splash_gauntlet
Lair:3:   layout_roguey, guppyfry_snake_entry_garden, grunt_megastairs_5
Lair:4:   layout_roguey
Lair:5:   layout_regular_city, gauntlet_entry_generic, wad_woods_06
Lair:6:   evilmike_catoblepas_cave, layout_cellular_growth,
          dpeg_slime_entry_enclosed_altar, nzn_sisyphean_effort,
          infiniplex_staircase_pool_2, serial_bayou_shore_a
Snake:1:  layout_misc_corridors, ebering_ghost_rock_garden, minmay_shop_star,
          uniq_nikola

Skill      XL: |  1  2  3  4  5  6  7  8  9 10 11 12 13 14 15 |
---------------+----------------------------------------------+-----
Conjurations   | 1 2 3 4 5 6 8 9 10 13 | 13.3
Spellcasting   | 2 3 4 5 6 7 8 |  8.0
Fire Magic     | 3 4 5 6 7 9 10 11 13 | 13.3
Fighting       | 6 8 10 11 | 11.6
Dodging        | 6 8 11 | 11.2
Armour         | 4 |  4.0
Evocations     | 5 |  5.0
Stealth        | |  1.7

Action                   |  1- 3 |  4- 6 |  7- 9 | 10-12 | 13-15 || total
-------------------------+-------+-------+-------+-------+-------++-------
Melee: Short sword       |     7 |       |    20 |    71 |   121 ||   219
       Whip              |     1 |    62 |    13 |       |       ||    76
       Punch             |       |       |     2 |     1 |     1 ||     4
       Staff             |       |       |       |       |    64 ||    64
 Cast: Foxfire           |    71 |    90 |   140 |   222 |   449 ||   972
       Scorch            |       |    29 |    54 |   104 |   271 ||   458
       Conjure Flame     |       |     1 |     4 |     8 |    15 ||    28
       Inner Flame       |       |       |     1 |    14 |    11 ||    26
       Flame Wave        |       |       |       |    38 |    92 ||   130
       Fireball          |       |       |       |       |    41 ||    41
       Orb of Destructio |       |       |       |       |     6 ||     6
       Iskenderun's Batt |       |       |       |       |     4 ||     4
Evoke: Wand              |       |       |       |     2 |    13 ||    15
  Use: Scroll            |       |    12 |     5 |     9 |    15 ||    41
       Potion            |       |       |       |     3 |     9 ||    12
 Stab: Sleeping          |       |     2 |       |       |     1 ||     3
Armor: Robe              |     5 |     3 |       |       |       ||     8
       Troll leather arm |       |    47 |    64 |   107 |   454 ||   672
Dodge: Dodged            |    14 |    85 |    99 |   302 |   655 ||  1155
Block: Other             |       |       |     9 |    99 |    65 ||   173
       Reflection        |       |       |     2 |    14 |    22 ||    38
       Buckler           |       |       |       |       |   322 ||   322

Table legend: (Time is in decaauts)
 A = Elapsed time spent in this place.
 B = Non-inter-level travel time spent in this place.
 C = Inter-level travel time spent in this place.
 D = Time resting spent in this place.
 E = Time spent auto-exploring this place.
 F = Levels seen in this place.
 G = Mean time per level.
                   A        B        C        D        E       F      G
               +--------+--------+--------+--------+--------+-----+--------+
         Total |  34262 |  32764 |   1498 |   5558 |  20876 |  25 | 1370.5 |
       Dungeon |  22272 |  21210 |   1062 |   3188 |  14019 |  15 | 1484.8 |
          Lair |   8078 |   7658 |    420 |    940 |   5502 |   6 | 1346.3 |
     Snake Pit |    775 |    760 |     15 |    185 |    254 |   1 |  775.0 |
         Sewer |    344 |    344 |      0 |      0 |    268 |   1 |  344.0 |
      Ice Cave |   1351 |   1351 |      0 |    254 |    656 |   1 | 1351.0 |
      Gauntlet |   1439 |   1439 |      0 |    991 |    176 |   1 | 1439.0 |
               +--------+--------+--------+--------+--------+-----+--------+

Top non-repeatable levels by time:
    D:14: 3228 daAuts
     D:1: 1964 daAuts
    D:12: 1877 daAuts
  Lair:3: 1827 daAuts
     D:9: 1654 daAuts
     D:2: 1520 daAuts
  Lair:6: 1495 daAuts
     D:5: 1461 daAuts
    D:11: 1454 daAuts
Gauntlet: 1439 daAuts
   IceCv: 1351 daAuts
     D:7: 1282 daAuts
    D:13: 1279 daAuts
  Lair:2: 1265 daAuts
     D:6: 1255 daAuts
